 Dungeon Crawl Stone Soup version 0.32-a0-540-g866d13106e (webtiles) character file.

Game seed: 8615391843057329505

147306 AutarchDCSS the Warrior (level 16, -4/149 HPs)
             Began as a Black Draconian Brigand on Feb 28, 2024.
             Was the Champion of Wu Jian.
             Slain by a +5 halberd of venom (8 damage)
             ... on level 2 of the Elven Halls.
             The game lasted 01:09:08 (30719 turns).

AutarchDCSS the Warrior (Black Draconian Brigand)  Turns: 30719, Time: 01:09:08

Health: -4/149     AC: 19    Str: 15    XL:     16   Next: 91%
Magic:  16/16      EV: 21    Int: 15    God:    Wu Jian [******]
Gold:   1619       SH: 15    Dex: 19    Spells: 15/15 levels left

rFire   + . .        C - +6 rapier of Xirraq {flame, rF+ Int+3}
rCold   + . .        V - +1 kite shield {rN+}
rNeg    + . .        (body armour unavailable)
rPois   .            w - +0 hat
rElec   +            b - +0 cloak
rCorr   .            o - +0 pair of gloves
SInv    +            Y - +3 pair of mountain boots {steadfast, rC+}
Will    ++...        y - amulet of regeneration
Stlth   +++          W - +4 ring of protection
HPRegen 1.24/turn    D - ring of see invisible
MPRegen 0.15/turn

%: no passive effects
@: lethally poisoned (-4 -> -43), maw-form, spiked, enlightened, flying
A: devouring maw, flying, galvanic breath, AC +9, unfitting armour, big wings,
electricity resistance, cold-blooded
a: Galvanic Breath, Begin Untransformation, Renounce Religion, Wall Jump,
Serpent's Lash, Heavenly Storm


You were on level 2 of the Elven Halls.
You worshipped Wu Jian.
Wu Jian was exalted by your worship.
You were a creature with a mouth for a stomach.
You visited 6 branches of the dungeon, and saw 26 of its levels.
You also visited: Gauntlet and Ice Cave.

You collected 2256 gold pieces.
You spent 637 gold pieces at shops.

Inventory:

Hand Weapons
 C - the +6 rapier of Xirraq (weapon) {flame, rF+ Int+3}
   (You acquired it on level 1 of the Lair of Beasts)

   Int+3:     It affects your intelligence (+3).
   rF+:       It protects you from fire.
Missiles
 c - 30 poisoned darts (quivered)
 d - 3 curare-tipped darts
 s - 17 boomerangs
 J - 8 throwing nets
 Z - 6 silver javelins
Armour
 b - a +0 cloak (worn)
 o - a +0 pair of gloves (worn)
 p - a +0 buckler
 w - a +0 hat (worn)
 V - a +1 kite shield of positive energy (worn)
 Y - the +3 pair of mountain boots (worn) {steadfast, rC+}
   (You bought it in a shop on level 2 of the Orcish Mines)

   Steadfast: It prevents involuntary movement, except for blinking,
   teleportation, or banishment.
   rC+:       It protects you from cold.
Jewellery
 e - an amulet of reflection
 y - an amulet of regeneration (around neck)
 D - a ring of see invisible (right hand)
 F - a ring of resist corrosion
 G - the ring "Trusted Companion" {rC+ rN++}
   (You found it in a Gauntlet)

   [ring of protection from cold]

   rC+:       It protects you from cold.
   rN++:      It greatly protects you from negative energy.
 I - a ring of positive energy
 T - a +5 ring of evasion
 W - a +4 ring of protection (left hand)
Talismans
 l - a maw talisman (active)
Wands
 a - a wand of digging (4)
 E - a wand of quicksilver (2)
 H - a wand of mindburst (37)
 O - a wand of flame (52)
 P - a wand of paralysis (16)
 Q - a wand of warping (18)
Scrolls
 g - a scroll of torment
 h - a scroll of revelation
 j - 2 scrolls of blinking
 u - 7 scrolls of enchant weapon
 z - 2 scrolls of fear
 A - 3 scrolls of poison
 M - 6 scrolls of teleportation
 N - 6 scrolls of fog
 R - 3 scrolls of summoning
 S - a scroll of brand weapon
 X - 4 scrolls of immolation
Potions
 f - 2 potions of resistance {unknown}
 i - a potion of might
 k - 3 potions of lignification
 n - 2 potions of haste
 q - 12 potions of curing
 r - 4 potions of mutation
 t - 3 potions of cancellation
 v - 3 potions of magic
 x - 2 potions of heal wounds
 B - 5 potions of brilliance
 K - 3 potions of ambrosia
 L - a potion of enlightenment
Miscellaneous
 m - a phantom mirror
 U - a lightning rod (4/4)


   Skills:
 - Level 15.0 Fighting
 - Level 14.0 Short Blades
 - Level 1.7 Throwing
 - Level 15.0 Dodging
 - Level 3.6 Stealth
 + Level 13.8 Shields
 - Level 5.1 Evocations
 - Level 11.1 Shapeshifting


You had 15 spell levels left.
You didn't know any spells.
Your spell library contained the following spells:

 Spells                   Type           Power      Damage    Failure   Level
 Foxfire                  Conj/Fire      0%         2x1d4     45%         1
 Freeze                   Ice            0%         1d3       45%         1
 Sting                    Conj/Alch      0%         1d3       45%         1
 Call Imp                 Summ           0%         N/A       58%         2
 Mercury Vapours          Alch/Air       0%         N/A       58%         2
 Sublimation of Blood     Necr           0%         N/A       58%         2
 Frozen Ramparts          Ice            0%         1d1       83%         3
 Gell's Gravitas          Tloc           0%         N/A       83%         3
 Hailstorm                Conj/Ice       0%         3d5       83%         3
 Inner Flame              Hex/Fire       0%         N/A       83%         3
 Mephitic Cloud           Conj/Alch/Air  0%         N/A       83%         3
 Stone Arrow              Conj/Erth      0%         3d7       83%         3
 Teleport Other           Tloc           0%         N/A       83%         3
 Cause Fear               Hex            0%         N/A       99%         4
 Flame Wave               Conj/Fire      0%         2d4       99%         4
 Olgreb's Toxic Radiance  Alch           0%         N/A       99%         4
 Sticky Flame             Fire/Alch      0%         2d4       99%         4
 Vhi's Electric Charge    Tloc/Air       0%         N/A       99%         4
 Arcjolt                  Conj/Air       0%         1d10      100%        5
 Fireball                 Conj/Fire      0%         3d3       100%        5
 Freezing Cloud           Conj/Ice/Air   0%         6-21      100%        5
 Dispersal                Tloc           0%         N/A       100%        6
 Plasma Beam              Fire/Air       0%         2x1d10    100%        6
 Starburst                Conj/Fire      0%         6d3       100%        6
 Summon Hydra             Summ           0%         N/A       100%        7
 Lehudib's Crystal Spear  Conj/Erth      0%         10d2      100%        8
 Dragon's Call            Summ           0%         N/A       100%        9
 Animate Armour           Summ/Erth      Unusable   N/A       N/A         4

Dungeon Overview and Level Annotations

Branches:
Dungeon (15/15)            Temple (1/1) D:5            Lair (5/5) D:11
 Shoals (1/4) Lair:2        Snake (0/4) Lair:2        Slime (0/5) Lair:5
    Orc (2/2) D:9             Elf (2/3) Orc:2        Vaults (0/5) D:13
 Depths (0/4) D:15          IceCv (visited)         Gauntlet (visited)

Altars:
Ashenzari
Cheibriados
Dithmenos
Elyvilon
Fedhas
Gozag
Hepliaklqana
Kikubaaqudgha
Makhleb
Nemelex Xobeh
Qazlal
Ru
Sif Muna
Trog
Uskayaw
Vehumet
Wu Jian
Xom
Yredelemnul
Zin
The Shining One

Shops:
D:5 :   D:10 [   Orc:2 [*((   Elf:1 *   Elf:2 ?*(   Shoals:1 :

Annotations:
D:13 3 runed translucent doors, GreenGuy14's ghost, journeyman OnMo
Elf:2 3 runed translucent doors


Innate Abilities, Weirdness & Mutations

You are a creature with a mouth for a stomach.
Your midsection houses a second, enormous mouth.
You are flying.
You can breathe arcing electricity.
Your glossy black scales are hard. (AC +9)
You cannot fit into any form of body armour.
Your large and strong wings let you fly.
You are resistant to electric shocks. (rElec)
You are cold-blooded and may be slowed by cold attacks.


Message History

You block the deep elf death mage's attack.
You puncture the ghostly deep elf demonologist!
You burn the ghostly deep elf demonologist.
The ghostly deep elf demonologist is severely damaged.
You feel sick.
The +5 halberd of venom completely misses you.
The red devil hits you but does no damage.
You puncture the ghostly deep elf demonologist!
You burn the ghostly deep elf demonologist.
You destroy the ghostly deep elf demonologist!
The Council accepts your kill.
The red devil disappears in a puff of smoke!
You feel very sick. The +5 halberd of venom hits you!!
You are more poisoned.
The deep elf death mage closely misses you.
Press: ? - help, v - describe, . - travel, g - get item
Here: a +5 halberd of venom (moderately damaged)
Items here: a +0 short sword; an elf corpse.
The floor.
Unknown command.
Unknown command.
Aiming: Quicksilver Bolt
Press: ? - help, Shift-Dir - straight line, f - +5 halberd of venom
Aim: a +5 halberd of venom (moderately damaged, 48% to hit)
The bolt of dispelling energy hits the +5 halberd of venom!
The +5 halberd of venom is severely damaged.
You feel extremely sick. The +5 halberd of venom hits you!
* * * LOW HITPOINT WARNING * * *
You are lethally poisoned!
The deep elf archer shoots an arrow.
The arrow hits you.
* * * LOW HITPOINT WARNING * * *
The deep elf death mage draws life force from you!
* * * LOW HITPOINT WARNING * * *
The deep elf death mage is healed by the life force!
The deep elf zephyrmancer hits you with a +0 long sword!
* * * LOW HITPOINT WARNING * * *
The +5 halberd of venom hits you!
You die...

#...[...#
##..<....##
#.........#
##.........#
#...........
##*....).....
#.....e..♣...
#....W)§.))..
#####)...(e)...>.
#.....#...)..e...
#.#####.#..$.♣...
#.# #.#........
#.## ##.#......##
#..# #..###'####
#####..###..# .#
###...#...#...#
.#


You could see a deep elf death mage, a deep elf archer (repels missiles), a deep
elf zephyrmancer, a lost soul (summoned) and a +5 halberd of venom.

Vanquished Creatures
  Asterion (Elf:1)
  An ironbound preserver (D:13)
  A deep elf demonologist (Elf:2)
  A deep elf annihilator (Elf:1)
  A minotaur (Gauntlet)
  Snorg (D:11)
  A fire dragon (D:15)
  Josephine (Lair:3)
  A merfolk impaler (Shoals:1)
  An entropy weaver (shapeshifter) (D:11)
  Harold (D:9)
  5 hydras
  25 two-headed ogres
  6 ogre magi
  5 centaur warriors
  6 boulder beetles
  2 tengu warriors
  7 death yaks
  A merfolk avatar (Lair:5)
  12 dancing weapons
  A deep troll earth mage (D:15)
  A hell hog (Gauntlet)
  5 deep elf knights (Elf:2)
  Amaemon (D:9)
  5 skysharks
  2 sea snakes
  A glowing orange brain (D:13)
  17 deep elf pyromancers
  A thermic dynamo (Elf:1)
  A harpy (Lair:5)
  3 orc knights (D:15)
  10 deep elf archers
  2 orc sorcerers
  11 deep elf zephyrmancers
  A wolf spider (Lair:3)
  7 fauns (Shoals:1)
  5 cyclopes
  5 elephants (Lair:3)
  14 ugly things
  7 manticores
  A merfolk siren (Shoals:1)
  A water nymph (Lair:2)
  4 black mambas
  An orange demon (D:9)
  A gargoyle (D:13)
  A torpor snail (Lair:2)
  17 cane toads
  An unseen horror (D:11)
  An unseen horror zombie (D:10)
  11 komodo dragons
  A kobold demonologist (D:11)
  6 rime drakes
  A rime drake (shapeshifter) (D:13)
  5 yaktaurs (D:15)
  8 trolls
  7 polar bears
  3 wind drakes
  4 hornets (Lair:5)
  6 merfolk
  Grinder (D:3)
  2 raiju
  23 blink frogs
  3 snapping turtles (Shoals:1)
  Sigmund (D:5)
  3 slime creatures (D:14)
  A yak (shapeshifter) (D:14)
  2 air elementals
  64 yaks
  A centaur simulacrum (D:15)
  2 fire bats (Gauntlet)
  A vampire (D:13)
  3 water elementals
  8 wraiths
  5 wyverns
  6 basilisks
  Eustachio (D:6)
  2 fire elementals (Elf:1)
  3 steam dragons
  A warg (D:15)
  6 vampire mosquitoes
  A death yak simulacrum (IceCv)
  A naga (Lair:2)
  3 hell hounds (Gauntlet)
  2 acid dragons
  12 water moccasins
  16 orc warriors
  6 laughing skulls
  2 ice beasts
  5 black bears
  A sky beast (D:7)
  36 wolves
  9 centaurs
  25 ogres
  A kobold brigand (D:8)
  A weeping skull (D:10)
  10 bullfrogs
  2 gnoll sergeants
  3 scorpions
  8 wights
  11 killer bees (D:10)
  An elephant simulacrum (IceCv)
  2 bombardier beetles
  5 howler monkeys
  11 electric eels
  4 centaur zombies (D:10)
  A gnoll bouda (D:5)
  2 hounds
  3 jellies
  A human zombie (D:10)
  15 orc priests
  2 sleepcaps
  Ijyb (D:3)
  3 iguanas
  15 orc wizards
  2 mummies (D:10)
  Robin (D:1)
  18 gnolls
  12 adders
  A shadow imp (D:5)
  3 dart slugs
  A ribbon worm (D:4)
  41 orcs
  3 bats
  5 endoplasms
  7 giant cockroaches
  16 goblins
  6 hobgoblins
  4 jackals (D:3)
  13 kobolds
  7 quokkas
  6 ball pythons
  3 frilled lizards
  2 rats
771 creatures vanquished.

Vanquished Creatures (others)
  A wyvern (Lair:5)
  A sky beast (D:8)
  2 orcs
  A goblin (D:2)
5 creatures vanquished.

Grand Total: 776 creatures vanquished

Notes
Turn   | Place    | Note
-------+----------+-------------------------------------------
     0 | D:1      | AutarchDCSS the Draconian Brigand began the quest for the
                  | Orb.
     0 | D:1      | Reached XP level 1. HP: 17/17 MP: 1/1
   251 | D:1      | You fall into a shaft and drop 1 floor!
   285 | D:2      | Found a shimmering blue altar of Sif Muna.
   309 | D:2      | Reached XP level 2. HP: 24/25 MP: 2/2
   600 | D:2      | Reached XP level 3. HP: 30/30 MP: 3/3
   861 | D:2      | Reached XP level 4. HP: 33/38 MP: 4/4
  1168 | D:2      | Noticed Robin
  2008 | D:1      | Killed Robin
  2411 | D:2      | Reached XP level 5. HP: 39/46 MP: 5/5
  2918 | D:3      | Noticed Ijyb
  2918 | D:3      | Noticed Grinder
  2934 | D:3      | Paralysed by Grinder for 4 turns
  2947 | D:3      | Paralysed by Grinder for 2 turns
  2952 | D:3      | Paralysed by Grinder for 2 turns
  3417 | D:3      | Reached skill level 5 in Short Blades
  3899 | D:4      | Noticed a black bear
  3907 | D:4      | Killed a black bear
  3908 | D:4      | Reached XP level 6. HP: 47/53 MP: 6/6
  4137 | D:4      | Reached skill level 5 in Fighting
  4200 | D:4      | Identified the +7 short sword "Wyblas" {flame, Str+3}
  4630 | D:5      | Entered Level 5 of the Dungeon
  4663 | D:5      | Your scales start taking on a glossy black colour.
  4663 | D:5      | Reached XP level 7. HP: 57/61 MP: 7/7
  4663 | D:5      | Gained mutation: You are resistant to electric shocks.
                  | (rElec) [Black Draconian growth]
  4698 | D:5      | Noticed Sigmund
  4700 | D:5      | Killed Sigmund
  4780 | D:5      | Found Baevi's Self-Published Books.
  4904 | D:5      | Reached XP level 8. HP: 54/68 MP: 8/8
  5232 | D:5      | Found a staircase to the Ecumenical Temple.
  5242 | Temple   | Entered the Ecumenical Temple
  5254 | Temple   | Became a worshipper of the Wu Jian Council
  5714 | D:5      | Found a hazy altar of Hepliaklqana.
  5951 | D:6      | Noticed Eustachio
  5984 | D:6      | Reached skill level 10 in Short Blades
  5987 | D:6      | Killed Eustachio
  5988 | D:6      | Reached skill level 1 in Dodging
  6442 | D:7      | Reached XP level 9. HP: 74/78 MP: 9/9
  6795 | D:7      | Found an ancient bone altar of Kikubaaqudgha.
  6900 | D:7      | Reached * piety under Wu Jian
  7468 | D:8      | Reached skill level 5 in Dodging
  8142 | D:8      | Reached skill level 1 in Shapeshifting
  8714 | D:3      | Killed Ijyb
  8810 | D:3      | Paralysed by Grinder for 2 turns
  8814 | D:3      | Killed Grinder
  9085 | D:9      | Noticed Harold
  9126 | D:9      | Killed Harold
  9127 | D:9      | Reached XP level 10. HP: 43/88 MP: 10/10
  9545 | D:9      | Noticed an orange demon
  9572 | D:9      | Killed an orange demon
  9573 | D:9      | Reached skill level 5 in Shapeshifting
  9794 | D:9      | Noticed Amaemon
  9798 | D:9      | Found a staircase to the Orcish Mines.
  9811 | D:9      | Killed Amaemon
 11371 | D:10     | Entered Level 10 of the Dungeon
 11651 | D:10     | Reached ** piety under Wu Jian
 12261 | D:10     | Noticed a +0 dagger
 12263 | D:10     | Found a hide-covered altar of Uskayaw.
 12269 | D:10     | Noticed a +0 hand axe
 12321 | D:10     | Found Popp's Antique Armour Shoppe.
 12466 | D:10     | Reached XP level 11. HP: 80/94 MP: 11/11
 12912 | D:10     | Found a basalt altar of Yredelemnul.
 12937 | D:10     | Reached skill level 10 in Shapeshifting
 13471 | D:11     | Noticed an entropy weaver
 13472 | D:11     | Noticed a soul eater
 13480 | D:11     | Killed an entropy weaver
 13603 | D:11     | Found a staircase to the Lair.
 13835 | D:11     | Noticed a green ugly thing
 13847 | D:11     | Killed a green ugly thing
 13858 | D:11     | Noticed a tengu warrior
 13886 | D:11     | Killed a tengu warrior
 13886 | D:11     | Reached *** piety under Wu Jian
 14027 | D:11     | Noticed Snorg
 14036 | D:11     | Killed Snorg
 14297 | Lair:1   | Entered Level 1 of the Lair of Beasts
 14320 | Lair:1   | Noticed a death yak
 14320 | Lair:1   | Noticed a death yak
 14325 | Lair:1   | Noticed a death yak
 14366 | D:11     | Killed a death yak
 14485 | D:11     | Killed a death yak
 14486 | D:11     | Reached XP level 12. HP: 102/105 MP: 12/12
 14511 | Lair:1   | Killed a death yak
 14559 | Lair:1   | Reached skill level 10 in Fighting
 14587 | Lair:1   | Reached **** piety under Wu Jian
 14898 | Lair:1   | Identified a scroll of acquirement
 14898 | Lair:1   | Acquired the +6 rapier of Xirraq {flame, rF+ Int+3}
 15179 | Lair:1   | Reached skill level 10 in Dodging
 15658 | Lair:2   | Reached skill level 1 in Evocations
 15668 | Lair:2   | Found a gate leading to a gauntlet.
 15669 | Lair:2   | Found a staircase to the Shoals.
 15684 | Gauntlet | Entered a Gauntlet
 15684 | Gauntlet | Found a transporter.
 15684 | Gauntlet | Found a transporter.
 15684 | Gauntlet | Found a transporter.
 15804 | Gauntlet | Found a transporter.
 15805 | Gauntlet | Found a transporter.
 15808 | Gauntlet | Found a transporter.
 15823 | Gauntlet | Found a transporter.
 15824 | Gauntlet | Found a transporter.
 15826 | Gauntlet | Found a transporter.
 15827 | Gauntlet | Found a transporter.
 15830 | Gauntlet | Noticed a hell hog
 15837 | Gauntlet | Noticed a death scarab
 15840 | Gauntlet | Noticed a death scarab
 15849 | Gauntlet | Found a transporter.
 15849 | Gauntlet | Found a transporter.
 16111 | Gauntlet | Killed a hell hog
 16130 | Gauntlet | Identified the ring "Trusted Companion" {rC+ rN++}
 16142 | Gauntlet | Noticed a minotaur
 16148 | Gauntlet | Killed a minotaur
 16180 | Lair:2   | Reached skill level 5 in Evocations
 16180 | Lair:2   | Reached XP level 13. HP: 99/113 MP: 13/13
 16876 | Lair:2   | Found a staircase to the Snake Pit.
 17215 | Lair:3   | Noticed Josephine
 17247 | Lair:3   | Killed Josephine
 17255 | Lair:3   | Reached ***** piety under Wu Jian
 17384 | Lair:3   | Reached skill level 1 in Shields
 17660 | Lair:3   | Reached skill level 5 in Shields
 18972 | Lair:5   | Entered Level 5 of the Lair of Beasts
 19379 | Lair:5   | Gained mutation: Your large and strong wings let you fly.
                  | [Black Draconian growth]
 19379 | Lair:5   | Reached XP level 14. HP: 121/121 MP: 14/14
 19636 | Lair:5   | Reached skill level 10 in Shields
 19697 | Lair:5   | Identified the staff of Wealth {rPois rCorr Str+4 Int+2
                  | Dex-4 Alchemy}
 20093 | Lair:5   | Found a staircase to the Slime Pits.
 20367 | D:12     | Found a frozen archway.
 20374 | IceCv    | Entered an ice cave
 20380 | IceCv    | Found a transporter.
 20395 | IceCv    | Found a transporter.
 21113 | D:12     | Found a blossoming altar of Fedhas.
 21827 | D:13     | Found a runed translucent gate.
 21827 | D:13     | Found a runed translucent gate.
 21827 | D:13     | Found a runed translucent gate.
 21832 | D:13     | Noticed GreenGuy14's ghost (journeyman OnMo)
 21904 | D:13     | Found a gate to the Vaults.
 21904 | D:13     | Noticed an ironbound preserver
 21920 | D:13     | Killed an ironbound preserver
 22791 | D:14     | Reached XP level 15. HP: 107/128 MP: 15/15
 22884 | D:14     | Found a bloodstained altar of Trog.
 23197 | D:14     | Reached ****** piety under Wu Jian
 23454 | D:15     | Entered Level 15 of the Dungeon
 24273 | D:15     | Found a staircase to the Depths.
 25560 | Orc:1    | Entered Level 1 of the Orcish Mines
 26135 | Orc:2    | Entered Level 2 of the Orcish Mines
 26187 | Orc:2    | Found a staircase to the Elven Halls.
 26409 | Orc:2    | Reached XP level 16. HP: 145/145 MP: 16/16
 26422 | Orc:2    | Found Fonadesex's Antique Armour Shoppe.
 26422 | Orc:2    | Found Kaet Osefo's Antique Weapon Boutique.
 26423 | Orc:2    | Found Seix Redwygo's General Store.
 26423 | Orc:2    | Found Novyunukk's Weapon Emporium.
 26505 | Orc:2    | Bought the +3 pair of mountain boots {steadfast, rC+} for
                  | 502 gold pieces
 26505 | Orc:2    | Found the +3 pair of mountain boots {steadfast, rC+}
 26519 | Orc:2    | Bought a pair of runed gloves for 135 gold pieces
 26879 | Shoals:1 | Entered Level 1 of the Shoals
 27282 | Shoals:1 | Found Yfecsus's Book Emporium.
 28153 | Elf:1    | Entered Level 1 of the Elven Halls
 28696 | Elf:1    | Found a radiant altar of Vehumet.
 28709 | Elf:1    | Found a hide-covered altar of Uskayaw.
 28909 | Elf:1    | Found Nudgh's General Store.
 29322 | Elf:1    | Noticed Asterion
 29337 | Elf:1    | Killed Asterion
 29543 | Elf:1    | Reached skill level 15 in Fighting
 30575 | Elf:2    | Reached skill level 15 in Dodging
 30576 | Elf:2    | Found Yfeatukhlau's Weapon Boutique.
 30593 | Elf:2    | Found Tuotuh's Assorted Antiques.
 30596 | Elf:2    | Found Ymuoxuu's Magic Scroll Boutique.
 30631 | Elf:2    | Found a runed translucent gate.
 30631 | Elf:2    | Found a runed translucent gate.
 30632 | Elf:2    | Found a runed translucent gate.
 30719 | Elf:2    | HP: 4/149 [deep elf zephyrmancer/+0 long sword (10)]
 30719 | Elf:2    | Slain by a +5 halberd of venom

Illustrated notes

Levels and vault maps discovered:
D:1:      scummos_arrival_hexagon, layout_loops_corners
D:2:      layout_rooms, basic_altar, uniq_robin
D:3:      layout_loops_ring, uniq_ijyb, uniq_grinder
D:4:      kennysheep_spiral_hall, layout_loops_ring
D:5:      layout_basic, nzn_hepliaklqana_mist_gate, temple_fountains,
          nicolae_custom_books, hangedman_decor_diamond_cutter,
          kennysheep_cluttered_room, uniq_sigmund
D:6:      layout_basic, uniq_eustachio
D:7:      layout_cave_pods, mainiacjoe_overflow_tiny_flanked,
          kennysheep_okawaru_gauntlet
D:8:      layout_loops_ring, kennysheep_nondescript,
          serial_library_hellmonk_statue_hall
D:9:      layout_basic, orc_0_dummy, serial_corexii_hall,
          corexii_hall_statues_x, chequers_hall_statues_corner_a,
          chequers_hall_statues_wall_a, corexii_hall_statues_s, uniq_amaemon,
          uniq_harold
D:10:     layout_basic, lemuel_mausoleum_altar_yredelemnul,
          dancing_weapons_uskayaw, serial_shops, shop_fountains,
          nicolae_have_a_lightning_rod
D:11:     layout_stronghold, david_lair_shrubbed, uniq_snorg
D:12:     layout_gridville, portal_ice_cave_rime, abandoned_shop, st_stairs_3,
          fedhas_altar_fruit_tree
D:13:     layout_basic, hellmonk_vaults_order_and_chaos,
          maelrawn_ghost_gauntlet_escape, palyth_stone_intersect
D:14:     layout_basic, bloody_trog
D:15:     hellmonk_depths_entry_around_the_bend, layout_basic, nrook_mini_vaults
Temple:   nicolae_temple_bog_church
Lair:1:   beast_lair_carwin_large_2, layout_cave_pods
Lair:2:   layout_cave_pods, nicolae_shoals_entry_flooding,
          guppyfry_snake_entry_island, gauntlet_entry_generic, st_stairs_6,
          infiniplex_staircase_pool
Lair:3:   layout_roguey, nicolae_lair_run_with_the_wolves, grunt_megastairs_2,
          uniq_josephine
Lair:4:   layout_cave_pods, serial_bayou_shore_a, infiniplex_staircase_pool_2
Lair:5:   gammafunk_lair_ancient_temple, layout_concentric_octagons,
          dpeg_slime_entry_enclosed
Shoals:1: layout_shoals, serial_shops, nicolae_shop_tiny_statue_garden
Orc:1:    layout_caves, nicolae_orc_stony_grotto
Orc:2:    st_orc_ogre_mass, layout_caves
Elf:1:    layout_rooms, serial_shops, nicolae_take_the_stairs, basic_altar,
          nicolae_elf_altarnating, drop_trap, lemuel_upstairs_altar,
          uniq_asterion
Elf:2:    elven_hall_of_blades_hangedman_original
          [infiniplex_blade_entry_pillars], layout_geoelf_octagon,
          serial_library_hellmonk_small_alcove, grunt_ministairs_1,
          minmay_shop_star

Skill      XL: |  1  2  3  4  5  6  7  8  9 10 11 12 13 14 15 16 |
---------------+-------------------------------------------------+-----
Short Blades   | 3 4 5 6 8 10 11 12 14 | 14.0
Fighting       | 3 4 5 6 8 9 10 13 15 | 15.0
Dodging        | 3 6 7 10 12 15 | 15.0
Shapeshifting  | 4 9 10 11 | 11.1
Evocations     | 5 |  5.1
Shields        | 7 13 | 13.8
Throwing       | |  1.7
Stealth        | |  3.6

Action                     |  1- 3 |  4- 6 |  7- 9 | 10-12 | 13-15 | 16-18 || total
---------------------------+-------+-------+-------+-------+-------+-------++-------
  Melee: Dagger            |    67 |   226 |       |       |       |       ||   293
         Tailslap          |     4 |    35 |    33 |   150 |   372 |    81 ||   675
         Short sword       |       |     6 |   259 |   764 |   416 |       ||  1445
         Maw               |       |       |       |   195 |   757 |   182 ||  1134
         Rapier            |       |       |       |    74 |  1492 |   530 ||  2096
  Throw: Dart              |       |     1 |       |       |     5 |       ||     6
 Invoke: Heavenly Storm    |       |       |       |       |     2 |       ||     2
Ability: Galvanic Breath   |       |       |     6 |     8 |     2 |     4 ||    20
         Lunge             |       |       |    27 |    33 |    83 |    32 ||   175
         Whirlwind         |       |       |     5 |   172 |   399 |   114 ||   690
         Wall Jump         |       |       |       |       |     1 |       ||     1
  Evoke: Wand              |       |       |       |     5 |       |     5 ||    10
         Lightning rod     |       |       |       |     4 |     2 |       ||     6
    Use: Potion            |     1 |     1 |       |     3 |     4 |     3 ||    12
         Scroll            |       |     9 |       |    16 |     6 |       ||    31
   Stab: Sleeping          |     6 |    12 |     8 |    11 |    10 |     1 ||    48
         Distracted        |       |       |       |     1 |       |     1 ||     2
 Armour: Skin              |    47 |   146 |   104 |   283 |   481 |   205 ||  1266
  Dodge: Dodged            |    47 |   106 |    97 |   431 |  1006 |   259 ||  1946
  Block: Other             |       |       |       |    23 |       |       ||    23
         Reflection        |       |       |       |     1 |       |       ||     1
         Kite shield       |       |       |       |       |    83 |     4 ||    87
         Buckler           |       |       |       |       |   150 |   102 ||   252
   Form: Maw               |       |       |       |     1 |       |       ||     1

Table legend: (Time is in decaauts)
 A = Elapsed time spent in this place.
 B = Non-inter-level travel time spent in this place.
 C = Inter-level travel time spent in this place.
 D = Time resting spent in this place.
 E = Time spent auto-exploring this place.
 F = Levels seen in this place.
 G = Mean time per level.
                   A        B        C        D        E       F      G
               +--------+--------+--------+--------+--------+-----+--------+
         Total |  29748 |  28320 |   1428 |   8515 |  14818 |  28 | 1062.4 |
       Dungeon |  19254 |  18276 |    978 |   5861 |   9576 |  15 | 1283.6 |
        Temple |     25 |      7 |     18 |      0 |      0 |   1 |   25.0 |
          Lair |   5161 |   4900 |    261 |    637 |   3269 |   5 | 1032.2 |
        Shoals |   1072 |   1034 |     38 |    287 |    574 |   1 | 1072.0 |
  Orcish Mines |   1487 |   1412 |     75 |    359 |    804 |   2 |  743.5 |
   Elven Halls |   2205 |   2148 |     57 |   1216 |    595 |   2 | 1102.5 |
      Ice Cave |     76 |     76 |      0 |     24 |      0 |   1 |   76.0 |
      Gauntlet |    464 |    464 |      0 |    129 |      0 |   1 |  464.0 |
               +--------+--------+--------+--------+--------+-----+--------+

Top non-repeatable levels by time:
     D:9: 2246 daAuts
    D:10: 1653 daAuts
     D:2: 1652 daAuts
   Elf:1: 1628 daAuts
    D:15: 1582 daAuts
     D:7: 1365 daAuts
    D:11: 1310 daAuts
     D:1: 1202 daAuts
     D:8: 1197 daAuts
  Lair:4: 1165 daAuts
  Lair:1: 1147 daAuts
    D:13: 1137 daAuts
     D:5: 1111 daAuts
    D:14: 1077 daAuts
Shoals:1: 1072 daAuts
